 Dungeon Crawl Stone Soup version 0.23-a0-338-g8ff0b24 (webtiles) character file.

653 Hilur the Grasshopper (level 7, 0/56 HPs)
             Began as a Gnoll Warper on Oct 18, 2018.
             Was a Follower of Cheibriados.
             Slain by a river rat (8 damage)
             ... summoned by Eustachio
             ... on level 5 of the Dungeon.
             The game lasted 00:18:26 (4504 turns).

Hilur the Grasshopper (Gnoll Warper)                Turns: 4504, Time: 00:18:27

Health: 0/56       AC:  4    Str: 18    XL:     7   Next: 54%
Magic:  12/15      EV: 15    Int: 18    God:    Cheibriados [*.....]
Gold:   189        SH:  0    Dex: 18    Spells: 13/17 levels left

rFire    . . .     SeeInvis .   f - +0 scythe
rCold    . . .     Gourm    .   (shield currently unavailable)
rNeg     . . .     Faith    .   b - +0 leather armour
rPois    .         Spirit   .   (no helmet)
rElec    .         Reflect  .   (no cloak)
rCorr    .         Harm     .   (no gloves)
MR       +....                  k - +0 pair of boots
Stlth    ++........             (no amulet)
HPRegen  0.18/turn              i - ring of protection from magic
MPRegen  0.14/turn              p - ring of flight

@: very slightly contaminated, very slow
A: distributed training, fangs 1, strong nose
a: Bend Time, Renounce Religion, Evoke Flight


You were on level 5 of the Dungeon.
You worshipped Cheibriados.
Cheibriados was aware of your devotion.
You were not hungry.

You visited 1 branch of the dungeon, and saw 5 of its levels.

You collected 189 gold pieces.

Inventory:

Hand Weapons
 a - a +0 spear
 f - a +0 scythe (weapon)
Missiles
 e - 4 tomahawks of dispersal (quivered)
 w - a tomahawk
Armour
 b - a +0 leather armour (worn)
 k - a +0 pair of boots (worn)
Jewellery
 i - a ring of protection from magic (left hand)
 p - a ring of flight (right hand)
Wands
 s - a wand of acid (8)
Scrolls
 d - a scroll of blinking
 g - 3 scrolls of identify
 j - a scroll of amnesia {unknown}
 l - a scroll of teleportation {unknown}
 m - 3 scrolls of magic mapping {unknown}
 r - 2 scrolls of remove curse {unknown}
 x - a scroll of noise {unknown}
 y - a scroll of random uselessness {unknown}
Potions
 c - a potion of lignification {unknown}
 h - a potion of berserk rage {unknown}
 n - a potion of invisibility {unknown}
 o - a potion of curing
 t - a potion of brilliance {unknown}
 u - a potion of mutation {unknown}
 v - a potion of magic {unknown}
Comestibles
 q - 3 rations
 z - 3 chunks of flesh


   Skills:
 + Level 5.2 Fighting
 + Level 2.5 Short Blades
 + Level 2.5 Long Blades
 + Level 2.5 Axes
 + Level 2.5 Maces & Flails
 + Level 5.2 Polearms
 + Level 2.5 Staves
 + Level 2.5 Slings
 + Level 2.5 Bows
 + Level 2.5 Crossbows
 + Level 3.6 Throwing
 + Level 3.6 Armour
 + Level 5.2 Dodging
 + Level 2.5 Stealth
 + Level 2.5 Shields
 + Level 2.5 Unarmed Combat
 + Level 5.6 Spellcasting
 + Level 2.0 Conjurations
 + Level 2.0 Hexes
 + Level 2.0 Charms
 + Level 2.0 Summonings
 + Level 2.0 Necromancy
 + Level 5.8 Translocations
 + Level 2.0 Transmutations
 + Level 2.0 Fire Magic
 + Level 2.0 Ice Magic
 + Level 2.0 Air Magic
 + Level 2.0 Earth Magic
 + Level 2.0 Poison Magic
 + Level 2.8 Invocations
 + Level 2.5 Evocations


You had 13 spell levels left.
You knew the following spells:

 Your Spells              Type           Power        Failure   Level  Hunger
a - Blink                 Tloc           N/A          1%          2    None
b - Shroud of Golubria    Chrm/Tloc      ###.......   4%          2    None

Your spell library contained the following spells:

 Spells                   Type           Power        Failure   Level  Hunger
 Gell's Gravitas          Tloc           ####......   4%          3    ##.....
 Lesser Beckoning         Tloc           ####......   4%          3    ##.....
 Teleport Other           Tloc           ####....     4%          3    ##.....
 Magic Dart               Conj           ##..         6%          1    None
 Call Imp                 Summ           ##......     10%         2    None
 Slow                     Hex            ##......     10%         2    None
 Passage of Golubria      Tloc           N/A          13%         4    ####...
 Conjure Flame            Conj/Fire      ##......     19%         3    ##.....
 Mephitic Cloud           Conj/Pois/Air  ##......     19%         3    ##.....


Dungeon Overview and Level Annotations

Branches:
Dungeon (5/15)
 Temple: D:4-7

Altars:
Cheibriados
Okawaru
Ru
Uskayaw

Annotations:
D:5 Eustachio


Innate Abilities, Weirdness & Mutations

Your experience applies equally to all skills.
You have very sharp teeth.
Your uncanny sense of smell can sniff out nearby items.


Message History

The rat barely misses you. Eustachio hits you with a +0 rapier!
* * * LOW HITPOINT WARNING * * *
Your shroud falls apart!
The river rat closely misses you. The rat barely misses you.
Eustachio hits you with a +0 rapier.
* * * LOW HITPOINT WARNING * * *
The bat hits you but does no damage. The bat misses you.
The river rat bites you.
* * * LOW HITPOINT WARNING * * *
The rat bites you.
* * * LOW HITPOINT WARNING * * *
The river rat misses you.
There is a stone staircase leading up, spattered with blood here.
You see here a +0 giant spiked club.
Unknown command.
The bat closely misses you. The rat closely misses you. The bat misses you.
The bat hits you but does no damage.
Eustachio casts a spell.
The river rat bites you!
You die...

##########
#........#
#>.......#
#........#
####.....b..#
........@@..#
.###...brr..#
#...55...#
#..............
...#........#.#.
## #####.##.....
#.# .##... ...
.. .. #.. ##


You could see Eustachio, an iron imp, a crimson imp, a river rat, 2 bats and a
rat.

Vanquished Creatures
  Sigmund (D:2)
  2 ogres (D:5)
  A scorpion (D:4)
  A crimson imp (D:5)
  2 orc priests
  An orc wizard (D:5)
  4 adders
  3 gnolls (D:5)
  4 worms
  3 dart slugs
  A leopard gecko (D:4)
  7 orcs
  4 bats
  6 giant cockroaches
  8 hobgoblins
  7 jackals
  6 kobolds (D:1)
  A quokka (D:2)
  4 frilled lizards
  3 goblins
  A jackal zombie (D:5)
  6 rats
76 creatures vanquished.

Notes
Turn   | Place    | Note
-------+----------+-------------------------------------------
     0 | D:1      | Hilur the Gnoll Warper began the quest for the Orb.
     0 | D:1      | Reached XP level 1. HP: 20/20 MP: 6/6
   178 | D:1      | Reached XP level 2. HP: 24/26 MP: 7/7
   772 | D:1      | Reached XP level 3. HP: 29/31 MP: 9/9
  1142 | D:2      | Reached skill level 5 in Spellcasting
  1368 | D:2      | Reached skill level 1 in Invocations
  1598 | D:2      | Reached skill level 1 in Short Blades
  1598 | D:2      | Reached skill level 1 in Long Blades
  1598 | D:2      | Reached skill level 1 in Axes
  1598 | D:2      | Reached skill level 1 in Maces & Flails
  1598 | D:2      | Reached skill level 1 in Staves
  1598 | D:2      | Reached skill level 1 in Slings
  1598 | D:2      | Reached skill level 1 in Bows
  1598 | D:2      | Reached skill level 1 in Crossbows
  1598 | D:2      | Reached skill level 1 in Stealth
  1598 | D:2      | Reached skill level 1 in Shields
  1598 | D:2      | Reached skill level 1 in Unarmed Combat
  1598 | D:2      | Reached skill level 1 in Evocations
  1607 | D:2      | Reached XP level 4. HP: 37/38 MP: 11/11
  1627 | D:2      | Found a snail-covered altar of Cheibriados.
  1648 | D:2      | Became a worshipper of Cheibriados the Contemplative
  1977 | D:2      | Found an iron altar of Okawaru.
  1985 | D:2      | Noticed Sigmund
  2012 | D:2      | Killed Sigmund
  2012 | D:2      | Reached skill level 1 in Conjurations
  2012 | D:2      | Reached skill level 1 in Hexes
  2012 | D:2      | Reached skill level 1 in Charms
  2012 | D:2      | Reached skill level 1 in Summonings
  2012 | D:2      | Reached skill level 1 in Necromancy
  2012 | D:2      | Reached skill level 1 in Transmutations
  2012 | D:2      | Reached skill level 1 in Fire Magic
  2012 | D:2      | Reached skill level 1 in Ice Magic
  2012 | D:2      | Reached skill level 1 in Air Magic
  2012 | D:2      | Reached skill level 1 in Earth Magic
  2012 | D:2      | Reached skill level 1 in Poison Magic
  2012 | D:2      | Reached XP level 5. HP: 16/43 MP: 12/12
  2247 | D:3      | Reached XP level 6. HP: 50/50 MP: 13/13
  2520 | D:3      | Learned a level 2 spell: Blink
  2523 | D:3      | Learned a level 2 spell: Shroud of Golubria
  2740 | D:3      | Noticed a hand axe
  2740 | D:3      | Noticed a hand axe
  2744 | D:3      | Found a hide-covered altar of Uskayaw.
  2826 | D:4      | Found a sacrificial altar of Ru.
  2958 | D:4      | Reached * piety under Cheibriados
  3165 | D:4      | Reached skill level 5 in Fighting
  3165 | D:4      | Reached skill level 5 in Polearms
  3165 | D:4      | Reached skill level 5 in Dodging
  3215 | D:5      | Entered Level 5 of the Dungeon
  3277 | D:5      | Reached XP level 7. HP: 45/56 MP: 15/15
  3351 | D:5      | Noticed Eustachio
  4504 | D:5      | Slain by a river rat

Vault maps used:
D:1:      dpeg_arrival_brainrot
D:2:      kennysheep_slug_shrine, lemuel_doored_altar, uniq_sigmund
D:3:      corexii_shack_village, dancing_weapons_uskayaw
D:4:      hangedman_ru_absence, first_ration
D:5:      kennysheep_generic_room_11, uniq_eustachio, uniq_ijyb

Skill      XL: |  1  2  3  4  5  6  7 |
---------------+----------------------+-----
Spellcasting   | 5 |  5.6
Invocations    | 1 2 |  2.8
Short Blades   | 1 2 |  2.5
Long Blades    | 1 2 |  2.5
Axes           | 1 2 |  2.5
Maces & Flails | 1 2 |  2.5
Staves         | 1 2 |  2.5
Slings         | 1 2 |  2.5
Bows           | 1 2 |  2.5
Crossbows      | 1 2 |  2.5
Stealth        | 1 2 |  2.5
Shields        | 1 2 |  2.5
Unarmed Combat | 1 2 |  2.5
Evocations     | 1 2 |  2.5
Throwing       | 3 |  3.6
Armour         | 3 |  3.6
Conjurations   | 1 2 |  2.0
Hexes          | 1 2 |  2.0
Charms         | 1 2 |  2.0
Summonings     | 1 2 |  2.0
Necromancy     | 1 2 |  2.0
Transmutations | 1 2 |  2.0
Fire Magic     | 1 2 |  2.0
Ice Magic      | 1 2 |  2.0
Air Magic      | 1 2 |  2.0
Earth Magic    | 1 2 |  2.0
Poison Magic   | 1 2 |  2.0
Fighting       | 5 |  5.2
Polearms       | 5 |  5.2
Dodging        | 5 |  5.2
Translocations | |  5.8

Action                   |  1- 3 |  4- 6 |  7- 9 || total
-------------------------+-------+-------+-------++-------
Melee: Spear             |   169 |    40 |       ||   209
       Bite              |    16 |    13 |     6 ||    35
       Punch             |     1 |       |       ||     1
       Scythe            |       |    91 |    62 ||   153
Throw: Tomahawk          |     1 |       |       ||     1
 Cast: Shroud of Golubri |       |     1 |     1 ||     2
       Blink             |       |       |     2 ||     2
  Use: Potion            |       |     5 |       ||     5
       Scroll            |       |       |     2 ||     2
 Stab: Sleeping          |     6 |     3 |       ||     9
       Distracted        |       |     1 |       ||     1
  Eat: Chunk             |     2 |     2 |     2 ||     6
       Ration            |       |     1 |       ||     1
Armor: Leather armour    |    24 |    30 |    21 ||    75
Dodge: Dodged            |    85 |   136 |   113 ||   334

Table legend:
 A = Non-vault XP
 B = Vault XP
 C = Vault XP percentage of total XP
 D = Non-vault monster count
 E = Vault monster count
 F = Vault count percentage of total count
                 A         B        C        D         E       F
            +---------+---------+-------+---------+---------+-------
      Total |     647 |     287 |  30.7 |      71 |       5 |   6.6
            +---------+---------+-------+---------+---------+-------
        D:1 |      34 |       2 |   5.6 |      20 |       1 |   4.8
        D:2 |     114 |     231 |  67.0 |      23 |       2 |   8.0
        D:3 |      21 |       0 |   0.0 |       5 |       0 |   0.0
        D:4 |     131 |       0 |   0.0 |      12 |       0 |   0.0
        D:5 |     347 |      54 |  13.5 |      11 |       2 |  15.4
            +---------+---------+-------+---------+---------+-------
